 Dungeon Crawl Stone Soup version 0.32-a0-673-g3729bd50f8 (webtiles) character file.

Game seed: 15504944159993539791

105114 cforsyth the Severer (level 15, -19/141 HPs)
             Began as a Mountain Dwarf Necromancer on Mar 10, 2024.
             Was the Champion of Kikubaaqudgha.
             Killed from afar by a frost giant (28 damage)
             ... with a bolt of cold
             ... on level 13 of the Dungeon on Mar 11, 2024.
             The game lasted 01:17:03 (36655 turns).

cforsyth the Severer (Mountain Dwarf Necromancer)  Turns: 36655, Time: 01:17:04

Health: -19/141    AC: 26    Str: 21    XL:     15   Next: 93%
Magic:  23/31      EV:  8    Int: 22    God:    Kikubaaqudgha [******]
Gold:   737        SH:  5    Dex: 10    Spells: 10/24 levels left

rFire   + . .        x - +5 Lochaber axe {reach-cleave, Poleaxe ^Drain}
rCold   x . .        (shield currently unavailable)
rNeg    . . .        w - +2 plate armour "Liaph" {Fly MP+9 Int+3}
rPois   +            (no helmet)
rElec   +            z - +2 cloak {Stlth+}
rCorr   .            I - +0 pair of gloves
SInv    .            u - +1 pair of boots {Fly}
Will    +....        r - amulet of reflection Stlth
                     f - ring of fire
HPRegen 0.43/turn    l - ring "Nauzaos" {rElec rPois Str+6 Slay+2 Stlth-}
MPRegen 0.22/turn

%: reflection
@: about to teleport, flying
A: runic magic, artefact enchanting
a: Renounce Religion, Unearth Wretches, Torment


You were on level 13 of the Dungeon.
You worshipped Kikubaaqudgha.
Kikubaaqudgha was exalted by your worship.
You visited 5 branches of the dungeon, and saw 22 of its levels.
You also visited: Bailey and Ice Cave.

You collected 2259 gold pieces.
You spent 1522 gold pieces at shops.


Innate Abilities, Weirdness & Mutations

Your spellcasting is much less encumbered by armour.
You can use scrolls of enchantment on lesser artefacts.


   Skills:
 - Level 15.5 Fighting
 + Level 17.0 Axes
 - Level 15.2 Armour
 - Level 1.3 Dodging
 - Level 1.4 Stealth
 + Level 4.4 Shields
 - Level 5.0 Spellcasting
 - Level 14.1 Necromancy
 - Level 8.0 Earth Magic


You had 10 spell levels left.
You knew the following spells:

 Your Spells              Type           Power      Damage    Failure   Level
a - Animate Dead          Necr           61%        N/A       1%          4
b - Borgnjor's Vile Clut  Necr/Erth      26%        N/A       5%          5
n - Dispel Undead         Necr           61%        3d21      1%          4
X - Necrotise             Necr           100%       1d9       1%          1

Your spell library contained the following spells:

 Spells                   Type           Power      Damage    Failure   Level
 Kiss of Death            Conj/Necr      100%       2d13      1%          1
 Sandblast                Erth           80%        2d17      1%          1
 Sublimation of Blood     Necr           61%        N/A       1%          2
 Fugue of the Fallen      Necr           61%        N/A       1%          3
 Passwall                 Erth           40%        N/A       1%          3
 Vampiric Draining        Necr           61%        2d10      1%          3
 Curse of Agony           Necr           61%        N/A       1%          5
 Cigotuvi's Dreadful Rot  Necr/Alch/Air  52%        N/A       3%          2
 Death Channel            Necr           30%        N/A       9%          6
 Stone Arrow              Conj/Erth      46%        3d9       10%         3
 Anguish                  Hex/Necr       18%        N/A       10%         4
 Martyr's Knell           Necr/Summ      36%        N/A       10%         4
 Apportation              Tloc           10%        N/A       17%         1
 Freeze                   Ice            20%        1d4       17%         1
 Slow                     Hex            20%        N/A       17%         1
 Sting                    Conj/Alch      20%        1d4       17%         1
 Summon Small Mammal      Summ           20%        N/A       17%         1
 Ensorcelled Hibernation  Hex/Ice        10%        N/A       26%         2
 Static Discharge         Conj/Air       10%        3-4/arc   26%         2
 Brom's Barrelling Bould  Conj/Erth      23%        2d4       32%         4
 Frozen Ramparts          Ice            10%        1d2       45%         3
 Hailstorm                Conj/Ice       5%         3d5       45%         3
 Airstrike                Air            2%         2d(1-17)  86%         4
 Cause Fear               Hex            2%         N/A       86%         4
 Sticky Flame             Fire/Alch      8%         2d4       86%         4
 Summon Lightning Spire   Summ/Air       5%         N/A       86%         4
 Borgnjor's Revivificati  Necr           30%        N/A       98%         8
 Infestation              Necr           30%        N/A       98%         8
 Fireball                 Conj/Fire      4%         3d4       99%         5
 Yara's Violent Unravell  Hex/Alch       2%         3d3       99%         5
 Sculpt Simulacrum        Ice/Alch       2%         N/A       100%        6
 Haunt                    Necr/Summ      18%        N/A       100%        7
 Ozocubu's Refrigeration  Ice            2%         4d8       100%        7
 Death's Door             Necr           30%        N/A       100%        9
 Dragon's Call            Summ           2%         N/A       100%        9
 Polar Vortex             Ice            2%         N/A       100%        9

Inventory:

Hand Weapons
 i - the +9 hand axe of the Past {elec, rElec Str-3 Int+4}
   (You found it on level 5 of the Lair of Beasts)

   Str-3:     It affects your strength (-3).
   Int+4:     It affects your intelligence (+4).
   rElec:     It insulates you from electricity.
 x - the +5 Lochaber axe (weapon) {reach-cleave, Poleaxe ^Drain}
   (You bought it in a shop on level 2 of the Orcish Mines)

   Poleaxe:   It uses either Axes or Polearms skill, whichever is higher.
   ^Drain:    It drains your maximum health when unequipped.
Armour
 j - a scarf of resistance
 u - a +1 pair of boots of flying (worn)
 w - the +2 plate armour "Liaph" (worn) {Fly MP+9 Int+3}
   (You found it on level 5 of the Dungeon)

   Int+3:     It affects your intelligence (+3).
   MP+9:      It affects your magic capacity (+9).
   Fly:       It grants you flight.
 z - a +2 cloak of stealth (worn)
 I - a +0 pair of gloves (worn)
 N - the +4 chain mail of Rationality {rF++}
   (You bought it in a shop on level 13 of the Dungeon)

   rF++:      It greatly protects you from fire.
Jewellery
 f - a ring of fire (left hand)
 l - the ring "Nauzaos" (right hand) {rElec rPois Str+6 Slay+2 Stlth-}
   (You acquired it on level 3 of the Dungeon)

   [ring of poison resistance]

   Str+6:     It affects your strength (+6).
   Slay+2:    It affects your accuracy & damage with ranged weapons and melee
   (+2).
   rElec:     It insulates you from electricity.
   rPois:     It protects you from poison.
   Stlth-:    It makes you less stealthy.
 r - an amulet of reflection (around neck)
 F - a ring of fire
 L - a ring of flight
 P - a ring of poison resistance
 S - a +6 ring of strength
 W - a ring of willpower
 Y - a +4 ring of slaying
Wands
 t - a wand of paralysis (7)
 A - a wand of polymorph (12)
 G - a wand of digging (17)
 H - a wand of quicksilver (1)
 R - a wand of flame (65)
 T - a wand of roots (5)
 X - a wand of mindburst (6)
Scrolls
 d - a scroll of enchant armour
 g - 3 scrolls of fear
 p - 6 scrolls of blinking {unknown}
 s - 2 scrolls of fog {unknown}
 v - 3 scrolls of amnesia
 y - 2 scrolls of summoning {unknown}
 E - 2 scrolls of vulnerability {unknown}
 J - 2 scrolls of revelation
 M - a scroll of torment
 O - 4 scrolls of poison
 U - 2 scrolls of enchant weapon
 V - 2 scrolls of noise {unknown}
 Z - a scroll of silence {!r}
Potions
 a - 3 potions of attraction
 b - 2 potions of magic
 c - a potion of lignification
 e - 4 potions of mutation
 h - 3 potions of berserk rage {unknown}
 k - 4 potions of brilliance
 n - 2 potions of curing {@q1}
 o - 4 potions of enlightenment
 q - a potion of degeneration
 B - a potion of haste {unknown}
 C - 3 potions of resistance
 K - 3 potions of ambrosia
 Q - 2 potions of might {unknown}

Dungeon Overview and Level Annotations

Branches:
Dungeon (13/15)            Temple (0/1) D:7            Lair (5/5) D:10
 Shoals (0/4) Lair:3       Spider (1/4) Lair:2        Slime (0/5) Lair:5
    Orc (2/2) D:12            Elf (1/3) Orc:2        Vaults (0/5) D:13
 Bailey (visited)           IceCv (visited)

Altars:
Cheibriados
Dithmenos
Elyvilon
Fedhas
Kikubaaqudgha
Sif Muna
Uskayaw
Wu Jian
Yredelemnul
Zin
The Shining One

Shops:
D:1 !   D:3 ?   D:7 (   D:9 ?   D:11 :   D:12 *   D:13 =[   Orc:2 ::((:

Annotations:
D:9 exclusion: oklob plant
Lair:4 exclusion: oklob plant

..........▓
..........▓
..........▓
.................##
▓▓...............#∩
▓...............##
▓...............#.
▓...............##
▓@..............#.
▓............▓▓▓##
▓.z..........▓ #Z
▓....C...$)).▓ ##
▓....C†).))).▓ #
▓....).......▓
▓▓▓▓.▓▓▓▓▓▓▓.▓▓▓▓
▓C▓ ▓....▓▓ .▒
▓......


You could see a frost giant, a fire giant, a skeletal warrior and a cyclops.


Message History

* * * LOW HITPOINT WARNING * * *
Unknown command.
You feel better.
The zombie hands constrict the fire giant!
The fire giant escapes!
Unknown command.
Unknown command.
The frost giant attacks as it pursues you!
The frost giant hits you but does no damage.
Unknown command.
Unknown command.
Your surroundings suddenly seem different.
A cyclops comes into view.
The fire giant points at you and mumbles some strange words.
The fireball explodes!
The fireball engulfs you! You resist.
* * * LOW HITPOINT WARNING * * *
Unknown command.
Unknown command.
As you read the scroll of teleportation {@r2}, it crumbles to dust.
You feel strangely unstable.
Your magical contamination has completely faded away.
Unknown command.
Unknown command.
You feel better.
The cyclops throws a large rock.
The large rock barely misses you.
Unknown command.
The frost giant gestures at you while chanting.
The bolt of cold hits you!!
You feel a terrible chill!
You die...
Kikubaaqudgha rasps: You have failed me!
Welcome... death!

Skill      XL: |  1  2  3  4  5  6  7  8  9 10 11 12 13 14 15 |
---------------+----------------------------------------------+-----
Fighting       | 1 2 3 4 5 7 8 9 11 12 13 14 15 | 15.5
Necromancy     | 5 6 7 8 9 10 11 13 14 | 14.1
Axes           | 1 2 3 4 7 8 9 11 13 14 15 17 | 17.0
Armour         | 1 2 3 4 6 7 9 10 12 13 14 15 | 15.2
Earth Magic    | 1 6 8 |  8.0
Spellcasting   | 3 5 |  5.0
Shields        | 4 |  4.4
Dodging        | |  1.3
Stealth        | |  1.4

Action                     |  1- 3 |  4- 6 |  7- 9 | 10-12 | 13-15 || total
---------------------------+-------+-------+-------+-------+-------++-------
  Melee: Unarmed           |    27 |       |       |       |       ||    27
         Hand axe          |     1 |    46 |   209 |   804 |   949 ||  2009
         Punch             |     1 |       |       |       |       ||     1
         War axe           |       |       |       |       |   219 ||   219
         Lochaber axe      |       |       |       |       |    69 ||    69
   Cast: Necrotise         |    76 |    91 |   154 |     2 |    12 ||   335
         Animate Dead      |       |       |     3 |    13 |    19 ||    35
         Borgnjor's Vile C |       |       |       |       |    56 ||    56
 Invoke: Receive Forbidden |       |       |       |       |     1 ||     1
  Evoke: Wand              |       |     1 |    11 |    20 |    24 ||    56
    Use: Scroll            |       |     4 |     5 |     4 |    14 ||    27
         Potion            |       |       |     3 |     1 |    11 ||    15
   Stab: Distracted        |       |       |       |     2 |    12 ||    14
 Armour: Robe              |    30 |       |       |       |       ||    30
         Plate armour      |       |    80 |   285 |   741 |  1248 ||  2354
         Skin              |       |       |    42 |       |       ||    42
         Scale mail        |       |       |       |       |    83 ||    83
  Dodge: Dodged            |    22 |    10 |    73 |   202 |   361 ||   668
  Block: Other             |       |       |    65 |   158 |   241 ||   464
         Reflection        |       |       |     2 |     3 |    13 ||    18

Levels and vault maps discovered:
D:1:      minmay_arrival_jagged, layout_basic, serial_shops, shop
D:2:      layout_loops_corners, ebering_ecumenical_altar_box,
          dreamdust_wishing_well, minivault_19, serial_bayou_lagoon_a
D:3:      layout_rooms, serial_shops, shop
D:4:      kennysheep_the_goblin_king, layout_rooms,
          nicolae_sif_muna_little_library, grunt_ministairs_12
D:5:      layout_cave_pools, nicolae_dithmenos_shadow_blocks,
          minmay_misc_feat_iff, kennysheep_path_1, uniq_crazy_yiuf_cottage
D:6:      layout_basic, kiku_gazebo_pond_becter, slow_altar_2,
          minmay_misc_feat_columns
D:7:      layout_basic, good_gods_temple_1, minmay_temple_entry_junction,
          serial_aquarium, aquarium_bridge_long_separate
          [aquarium_subvault_bridge, aquarium_subvault_wall,
          aquarium_subvault_window, aquarium_subvault_wall,
          aquarium_subvault_bridge, aquarium_subvault_bridge],
          aquarium_window_corner, aquarium_window_corridor_2, aquarium_view_2c,
          aquarium_balcony_1a, serial_shops, shop_statue,
          serial_library_hellmonk_big_corner, uniq_duvessa
D:8:      layout_gridville, enter_bailey_3
D:9:      layout_loops_ring, mainiacjoe_overflow_boulevard, tgw_fedhas,
          serial_shops, shop, nicolae_sextant
D:10:     layout_cave_pods, nicolae_yredelemnul_corpse_copse,
          erik_lair_orcish_takeover, roderic_roman_lattice, due_unseen_surprise,
          uniq_snorg
D:11:     layout_small_grid, gammafunk_ghost_grave,
          nicolae_shop_i_like_big_books
D:12:     layout_loops_ring, david_orc_2, serial_shops, shop,
          small_chamber_with_monster
D:13:     minmay_guarded_unrand_guard, layout_irregular_city, david_vaults_5,
          serial_shops, nicolae_stop_n_shop_1,
          nicolae_shop_tiny_real_fake_doors, shop, uniq_frances, uniq_rupert
Lair:1:   layout_long_grid, basic_altar, serial_bayou_pond_b,
          chequers_serial_rivers_small_3, grunt_megastairs_1
Lair:2:   layout_cave_pods, nicolae_spider_entry_lesser_pyramids,
          nicolae_lair_grove_arrangements
Lair:3:   layout_roguey, minmay_shoals_entry_centaurs,
          portal_ice_cave_demonic_guard, uniq_amaemon
Lair:4:   layout_small_grid, minmay_lair_oklob_bushes, st_stairs_12,
          grunt_forest_stairs_clearing, lemuel_fruit_tree,
          infiniplex_staircase_pool_2, grunt_megastairs_3, serial_bayou_shore_b
Lair:5:   grunt_lair_end_beastmaster, layout_layer_cave, slime_entry_1,
          nzn_masters_of_martial_movement, grunt_megastairs_2,
          serial_bayou_shore_b, infiniplex_staircase_pool
Spider:1: layout_spider_delve, nicolae_spider_eight_legs,
          hangedman_spider_tarantella_strand, uniq_mlioglotl, uniq_kirke,
          uniq_louise
Orc:1:    layout_caves
Orc:2:    st_orc_mages, layout_caves, serial_shops, shop, uniq_donald,
          uniq_nessos, uniq_azrael, uniq_erolcha
Elf:1:    elf_arrival_002, layout_loops_ring, nicolae_elf_crossing_hall

Notes
Turn   | Place    | Note
-------+----------+-------------------------------------------
     0 | D:1      | cforsyth the Mountain Dwarf Necromancer began the quest for
                  | the Orb.
     0 | D:1      | Reached XP level 1. HP: 14/14 MP: 3/3
   237 | D:1      | Reached skill level 1 in Fighting
   330 | D:1      | Reached XP level 2. HP: 19/23 MP: 0/4
   789 | D:1      | Found Ytop's Distillery.
   848 | D:1      | Reached skill level 2 in Fighting
   951 | D:1      | Reached skill level 5 in Necromancy
   951 | D:1      | Reached XP level 3. HP: 29/29 MP: 3/5
  1452 | D:2      | Got the Meditations on Ice
  1728 | D:2      | Found a faded altar of an unknown god.
  2445 | D:3      | Reached skill level 1 in Axes
  2445 | D:3      | Reached XP level 4. HP: 9/37 MP: 0/6
  2640 | D:3      | Found Gokajimn's Magic Scroll Shop.
  2657 | D:3      | Bought a scroll of identify for 26 gold pieces
  2657 | D:3      | Bought a scroll of teleportation for 39 gold pieces
  2781 | D:3      | Reached skill level 3 in Fighting
  2781 | D:3      | Reached skill level 1 in Armour
  2904 | D:3      | Reached XP level 5. HP: 45/45 MP: 3/7
  3421 | D:4      | Reached skill level 2 in Axes
  3421 | D:4      | Reached skill level 2 in Armour
  3636 | D:4      | Reached XP level 6. HP: 48/51 MP: 2/8
  3714 | D:4      | Reached skill level 6 in Necromancy
  3921 | D:4      | Reached skill level 3 in Axes
  3936 | D:4      | Reached skill level 4 in Fighting
  4166 | D:4      | Found a shimmering blue altar of Sif Muna.
  4374 | D:4      | Reached skill level 3 in Armour
  4470 | D:5      | Entered Level 5 of the Dungeon
  4499 | D:5      | Reached XP level 7. HP: 40/60 MP: 9/9
  4635 | D:5      | Identified the +1 plate armour "Liaph" {Fly MP+9 Int+3}
  4687 | D:5      | Found a shadowy altar of Dithmenos.
  4952 | D:5      | Reached skill level 4 in Axes
  5229 | D:5      | Found a runed translucent door.
  5230 | D:5      | Noticed Crazy Yiuf
  5578 | D:6      | Reached skill level 4 in Armour
  5813 | D:6      | Found a snail-covered altar of Cheibriados.
  5900 | D:6      | Reached skill level 5 in Fighting
  5907 | D:6      | Reached skill level 7 in Necromancy
  6017 | D:6      | Found an ancient bone altar of Kikubaaqudgha.
  6117 | D:6      | Became a worshipper of Kikubaaqudgha
  6164 | D:6      | Reached XP level 8. HP: 58/68 MP: 10/10
  6708 | D:7      | Reached skill level 5 in Axes
  6740 | D:7      | Found a staircase to the Ecumenical Temple.
  6807 | D:7      | Reached skill level 5 in Armour
  7151 | D:7      | Found a glowing silver altar of Zin.
  7153 | D:7      | Found a glowing golden altar of the Shining One.
  7154 | D:7      | Found a white marble altar of Elyvilon.
  7230 | D:7      | Reached skill level 6 in Fighting
  7646 | D:7      | Noticed Dowan
  7716 | D:7      | Killed Dowan
  7717 | D:7      | Reached skill level 6 in Axes
  7931 | D:7      | Noticed Duvessa
  7940 | D:7      | Killed Duvessa
  8062 | D:7      | Found Ollag's Antique Weapon Emporium.
  8142 | D:8      | Identified 2 potions of resistance
  8242 | D:8      | Found a flagged portal.
  8263 | Bailey   | Entered a bailey
  8320 | Bailey   | Learned a level 4 spell: Animate Dead
  8346 | Bailey   | Reached skill level 8 in Necromancy
  8365 | Bailey   | Reached * piety under Kikubaaqudgha
  8365 | Bailey   | Received a gift from Kikubaaqudgha
  8431 | Bailey   | Noticed an orc knight
  8468 | Bailey   | Killed an orc knight
  8469 | Bailey   | Reached skill level 7 in Fighting
  8469 | Bailey   | Reached skill level 7 in Axes
  8469 | Bailey   | Reached skill level 6 in Armour
  8469 | Bailey   | Reached XP level 9. HP: 66/79 MP: 1/11
  9207 | D:8      | Reached skill level 7 in Armour
  9296 | D:8      | Got Miocokem's Vademecum on Green Anathema
  9491 | D:9      | Found Tucrega's Magic Scroll Shop.
  9521 | D:9      | Reached skill level 9 in Necromancy
  9550 | D:9      | Found an ornate altar of the Wu Jian Council.
  9653 | D:9      | Reached skill level 8 in Axes
  9878 | D:9      | Found a blossoming altar of Fedhas.
  9904 | D:9      | Noticed an oklob plant
  9944 | D:9      | Noticed a troll
  9950 | D:9      | Killed a troll
  9951 | D:9      | Reached skill level 8 in Fighting
  9958 | D:9      | Reached ** piety under Kikubaaqudgha
 10009 | D:9      | Reached XP level 10. HP: 62/88 MP: 12/12
 10578 | D:10     | Entered Level 10 of the Dungeon
 11264 | D:10     | Found a staircase to the Lair.
 11594 | D:9      | Reached skill level 8 in Armour
 11882 | D:10     | Reached skill level 9 in Axes
 11888 | D:10     | Reached skill level 10 in Necromancy
 11907 | D:10     | Reached skill level 9 in Fighting
 12049 | D:10     | Found a basalt altar of Yredelemnul.
 12063 | D:10     | Reached skill level 9 in Armour
 12336 | D:10     | Noticed a cyclops
 12353 | D:10     | Killed a cyclops
 12354 | D:10     | Reached XP level 11. HP: 88/97 MP: 13/13
 12489 | D:10     | Reached skill level 10 in Axes
 12520 | D:10     | Noticed Snorg
 12532 | D:10     | Killed Snorg
 12967 | D:11     | Noticed a two-headed ogre
 13024 | D:10     | Identified the +2 robe of Qeppaf {SInv}
 13066 | D:11     | Noticed a boulder beetle
 13095 | D:11     | Killed a boulder beetle
 13374 | D:11     | Found Uxiag's Tremendous Tomes.
 13415 | D:11     | You are sucked into a shaft and drop 2 floors!
 13453 | D:12     | Noticed a soul eater
 13460 | D:12     | Reached skill level 10 in Fighting
 13460 | D:12     | Reached skill level 11 in Necromancy
 13557 | D:12     | Noticed a boulder beetle
 13580 | D:12     | Found a staircase to the Orcish Mines.
 14117 | D:12     | Reached skill level 10 in Armour
 14382 | D:11     | Reached skill level 11 in Axes
 14394 | D:11     | Killed a two-headed ogre
 14727 | D:11     | Noticed a boulder beetle
 14746 | D:11     | Reached *** piety under Kikubaaqudgha
 14746 | D:11     | Received a gift from Kikubaaqudgha
 14767 | D:11     | Killed a boulder beetle
 15012 | D:11     | Found a runed translucent door.
 15015 | D:11     | Noticed Malificent's ghost (journeyman OnWr)
 15103 | D:11     | Noticed a red ugly thing
 15115 | D:11     | Killed a red ugly thing
 15116 | D:11     | Reached skill level 11 in Fighting
 15116 | D:11     | Reached XP level 12. HP: 81/110 MP: 14/14
 15486 | D:12     | Killed a boulder beetle
 15487 | D:12     | Reached skill level 12 in Necromancy
 15925 | D:12     | Found Hechasi's Assorted Antiques.
 16034 | D:12     | Bought a scroll labelled WEIDUM DODAGG for 22 gold pieces
 16440 | D:3      | Bought a scroll of acquirement for 676 gold pieces
 16441 | D:3      | Acquired the ring "Nauzaos" {rElec rPois Str+6 Slay+2
                  | Stlth-}
 16700 | Lair:1   | Entered Level 1 of the Lair of Beasts
 16717 | Lair:1   | Reached skill level 11 in Armour
 16724 | Lair:1   | Reached skill level 12 in Axes
 17495 | Lair:1   | Found a hide-covered altar of Uskayaw.
 18136 | Lair:1   | Reached skill level 12 in Fighting
 18551 | Lair:2   | Reached **** piety under Kikubaaqudgha
 18670 | Lair:2   | Reached skill level 13 in Necromancy
 18812 | Lair:2   | Reached skill level 13 in Axes
 18822 | Lair:2   | Reached skill level 12 in Armour
 18863 | Lair:2   | Reached XP level 13. HP: 90/119 MP: 15/15
 18984 | Lair:2   | Found a hole to the Spider Nest.
 19020 | Spider:1 | Entered Level 1 of the Spider Nest
 20478 | Lair:3   | Found a frozen archway.
 20728 | IceCv    | Entered an ice cave
 21496 | IceCv    | Reached skill level 13 in Fighting
 21734 | IceCv    | Reached ***** piety under Kikubaaqudgha
 21735 | IceCv    | Reached skill level 14 in Axes
 22550 | IceCv    | Noticed a frost giant
 22582 | IceCv    | Reached skill level 13 in Armour
 22582 | IceCv    | Reached skill level 14 in Necromancy
 22582 | IceCv    | Killed a frost giant
 23480 | IceCv    | Identified a scarf of resistance
 23499 | IceCv    | Learned a level 4 spell: Dispel Undead
 23973 | IceCv    | Reached skill level 1 in Earth Magic
 24630 | Lair:3   | Noticed Amaemon
 24657 | Lair:3   | Reached XP level 14. HP: 129/129 MP: 16/16
 24675 | Lair:3   | Killed Amaemon
 24676 | Lair:3   | Reached skill level 2 in Earth Magic
 25010 | Lair:3   | Reached skill level 3 in Earth Magic
 25241 | Lair:3   | Found a staircase to the Shoals.
 26096 | Lair:4   | Reached skill level 14 in Fighting
 26125 | Lair:4   | Reached skill level 4 in Earth Magic
 26144 | Lair:4   | Reached skill level 15 in Axes
 26431 | Lair:4   | Reached skill level 14 in Armour
 26985 | Lair:4   | Reached skill level 5 in Earth Magic
 27579 | Lair:4   | Learned a level 5 spell: Borgnjor's Vile Clutch
 27603 | Lair:5   | Entered Level 5 of the Lair of Beasts
 27603 | Lair:5   | Found a staircase to the Slime Pits.
 27653 | Lair:5   | Reached skill level 2 in Spellcasting
 27708 | Lair:5   | Reached ****** piety under Kikubaaqudgha
 28081 | Lair:5   | Reached skill level 6 in Earth Magic
 28327 | Lair:5   | Reached skill level 3 in Spellcasting
 28471 | Lair:5   | Found an ornate altar of the Wu Jian Council.
 28564 | Lair:5   | Found a hide-covered altar of Uskayaw.
 28585 | Lair:5   | Received a gift from Kikubaaqudgha (forbidden knowledge)
 28625 | Lair:5   | Reached XP level 15. HP: 115/139 MP: 19/19
 28709 | Lair:5   | Identified the +9 hand axe of the Past {elec, rElec Str-3
                  | Int+4}
 29732 | Lair:5   | Reached skill level 15 in Fighting
 30038 | Lair:5   | Reached skill level 16 in Axes
 30558 | D:5      | Killed Crazy Yiuf
 30922 | D:11     | Killed Malificent's ghost
 31079 | Orc:1    | Entered Level 1 of the Orcish Mines
 31140 | Orc:1    | Reached skill level 7 in Earth Magic
 31257 | Orc:1    | Reached skill level 4 in Spellcasting
 31667 | Orc:2    | Entered Level 2 of the Orcish Mines
 31690 | Orc:2    | Noticed Donald
 32267 | D:13     | Found Reaklid's Jewellery Shoppe.
 32317 | D:12     | Killed Donald
 33110 | Orc:1    | Reached skill level 15 in Armour
 33960 | Orc:2    | Noticed Nessos
 33963 | Orc:2    | Found a staircase to the Elven Halls.
 33970 | Orc:2    | Noticed Erolcha
 33975 | Orc:2    | Killed Erolcha
 34077 | Orc:2    | Noticed Azrael
 34081 | Orc:2    | HP: 7/141 [Azrael/damnation (19)]
 34092 | Elf:1    | Entered Level 1 of the Elven Halls
 34094 | Orc:2    | HP: 8/141 [Nessos/arrow (10)]
 34133 | Orc:2    | Killed Nessos
 34558 | Orc:2    | Killed Azrael
 34968 | Orc:2    | Found Wiowomen's Book Boutique.
 34968 | Orc:2    | Found Wumaqee's Book Boutique.
 34969 | Orc:2    | Found Daextapt's Weapon Shop.
 34973 | Orc:2    | Found Tugrep's Antique Weapon Shop.
 35023 | Orc:2    | Found Tyihor's Book Emporium.
 35372 | D:13     | Noticed Frances
 35687 | D:13     | Killed Frances
 35688 | D:13     | Reached skill level 1 in Shields
 35688 | D:13     | Reached skill level 5 in Spellcasting
 35688 | D:13     | Reached skill level 8 in Earth Magic
 35756 | Orc:2    | Bought the +5 Lochaber axe {reach-cleave, Poleaxe ^Drain}
                  | for 531 gold pieces
 35756 | Orc:2    | Found the +5 Lochaber axe {reach-cleave, Poleaxe ^Drain}
 35952 | D:13     | Reached skill level 2 in Shields
 36134 | D:13     | Found Moethruap's Antique Armour Shoppe.
 36212 | D:13     | Bought a distressingly furry chain mail for 228 gold pieces
 36212 | D:13     | Identified the +4 chain mail of Rationality {rF++} (You
                  | bought it in a shop on level 13 of the Dungeon)
 36230 | D:13     | Reached skill level 3 in Shields
 36541 | D:13     | Found a gate to the Vaults.
 36599 | D:13     | Reached skill level 4 in Shields
 36621 | D:13     | Reached skill level 17 in Axes
 36643 | D:13     | Identified the ring "Gaot" {rPois MP+9 Str+6 Dex-4 Slay+3}
 36643 | D:13     | Noticed a fire giant
 36647 | D:13     | Noticed a frost giant
 36649 | D:13     | HP: 6/141 [fire giant/bolt of fire (15)]
 36655 | D:13     | Killed from afar by a frost giant

Vanquished Creatures
  Frances (D:13)
  Donald (D:12)
  A frost giant (IceCv)
  Nessos (Orc:2)
  Azrael (Orc:2)
  The ghost of Malificent the Magician, a journeyman OnWr of Hepliaklqana (D:11)
  Snorg (D:10)
  A vault guard (D:13)
  Erolcha (Orc:2)
  A hydra (Lair:5)
  3 centaur warriors (D:13)
  An ogre mage (D:13)
  2 catoblepae
  A two-headed ogre (D:11)
  7 boulder beetles
  A tengu warrior (D:13)
  A deep troll shaman (Lair:5)
  18 death yaks
  4 orc high priests
  A skyshark (Lair:4)
  Amaemon (Lair:3)
  An arcanist (D:13)
  A deep elf pyromancer (D:13)
  2 orc knights
  4 orc sorcerers
  A wolf spider (D:13)
  A manticore (D:12)
  6 centaur zombies (D:10)
  4 cyclopes
  2 ugly things
  21 elephants
  4 kobold blastminers
  4 black mambas
  An orange demon (Lair:3)
  A gargoyle (D:12)
  6 cane toads
  An efreet (D:13)
  A torpor snail (Lair:2)
  3 kobold demonologists (D:12)
  A rime drake (Lair:2)
  10 komodo dragons
  2 unseen horror zombies (D:10)
  17 polar bears
  A tengu conjurer (D:13)
  2 ice devils (Lair:3)
  6 trolls
  7 blink frogs
  4 dream sheep
  9 slime creatures (D:12)
  A vampire (D:13)
  6 wyverns
  3 wraiths
  A jumping spider (Lair:2)
  64 yaks
  2 steam dragons
  5 basilisks
  5 fire elementals (Orc:2)
  2 vampire mosquitoes (D:10)
  3 wargs
  6 acid dragons
  Duvessa (D:7)
  10 water moccasins
  3 hell hounds (Orc:2)
  An ice beast (D:6)
  15 orc warriors
  2 sky beasts (D:7)
  A black bear (Lair:5)
  32 wolves
  9 centaurs
  4 ogres
  A phantom (D:5)
  A kobold brigand (D:12)
  4 scorpions
  7 bullfrogs
  A jelly (D:7)
  Dowan (D:7)
  16 killer bees
  An electric eel (Lair:1)
  A howler monkey (D:9)
  4 bombardier beetles
  30 orc priests
  Crazy Yiuf (D:5)
  2 hounds
  An iguana (D:7)
  21 orc wizards
  2 howler monkey zombies (D:10)
  3 gnolls (D:3)
  2 adders
  A white imp (D:6)
  A dart slug (D:2)
  A ribbon worm (D:6)
  62 orcs
  7 ball pythons
  9 bats
  4 endoplasms
  3 giant cockroaches
  16 goblins
  4 hobgoblins
  7 jackals
  3 quokkas
  2 frilled lizards
  9 kobolds
  6 rats
583 creatures vanquished.

Vanquished Creatures (collateral kills)
  2 hydras (Lair:5)
  A boulder beetle (Lair:5)
  2 death yaks
  A skyshark (Lair:5)
  A pharaoh ant (Lair:2)
  2 orc knights
  2 ugly things
  A cyclops (D:11)
  11 elephants
  A kobold blastminer (Orc:1)
  A black mamba (Lair:5)
  An ice statue (IceCv)
  4 cane toads
  A komodo dragon (Lair:4)
  8 blink frogs
  4 dream sheep (Lair:5)
  A spriggan (Lair:4)
  A shadow (D:10)
  A wyvern (Lair:4)
  9 yaks
  A water moccasin (Lair:3)
  3 orc warriors (Orc:1)
  A black bear (Lair:4)
  4 wolves
  A centaur (Lair:3)
  A killer bee (D:10)
  A howler monkey (D:9)
  2 orc priests
  3 orc wizards
  3 orcs
  A goblin (D:8)
  A hobgoblin (D:4)
  A kobold (D:12)
78 creatures vanquished.

Vanquished Creatures (others)
  3 death yak zombies (Lair:3)
  A cane toad zombie (Lair:3)
  2 dream sheep zombies (Lair:2)
  8 elephant zombies
  A komodo dragon zombie (Lair:5)
  A wyvern zombie (Lair:5)
  A warg zombie (Orc:1)
  A water moccasin zombie (Lair:5)
  A cyclops zombie (D:13)
  31 yak zombies
  A spriggan zombie (Lair:4)
  A troll zombie (Orc:1)
  3 polar bear zombies
  A tengu zombie (D:13)
  5 wolf zombies
  A black bear zombie (Lair:5)
  A centaur zombie (D:9)
  4 kobold zombies (D:12)
  An ogre zombie (Orc:2)
  16 orc zombies
84 creatures vanquished.

Grand Total: 745 creatures vanquished

Table legend: (Time is in decaauts)
 A = Elapsed time spent in this place.
 B = Non-inter-level travel time spent in this place.
 C = Inter-level travel time spent in this place.
 D = Time resting spent in this place.
 E = Time spent auto-exploring this place.
 F = Levels seen in this place.
 G = Mean time per level.
                   A        B        C        D        E       F      G
               +--------+--------+--------+--------+--------+-----+--------+
         Total |  36195 |  34301 |   1894 |   8601 |  19180 |  24 | 1508.1 |
       Dungeon |  18807 |  17351 |   1456 |   2445 |  11750 |  13 | 1446.7 |
          Lair |  10054 |   9802 |    252 |   2158 |   5710 |   5 | 2010.8 |
   Spider Nest |      1 |      1 |      0 |      0 |      0 |   1 |    1.0 |
  Orcish Mines |   3503 |   3319 |    184 |   1964 |    835 |   2 | 1751.5 |
   Elven Halls |      1 |      1 |      0 |      0 |      0 |   1 |    1.0 |
        Bailey |    499 |    499 |      0 |    129 |     98 |   1 |  499.0 |
      Ice Cave |   3327 |   3327 |      0 |   1905 |    787 |   1 | 3327.0 |
               +--------+--------+--------+--------+--------+-----+--------+

Top non-repeatable levels by time:
   IceCv: 3327 daAuts
  Lair:5: 2399 daAuts
    D:12: 2382 daAuts
    D:10: 2217 daAuts
   Orc:1: 2125 daAuts
  Lair:2: 2034 daAuts
     D:9: 1923 daAuts
  Lair:1: 1899 daAuts
  Lair:3: 1863 daAuts
  Lair:4: 1858 daAuts
    D:11: 1633 daAuts
     D:7: 1522 daAuts
   Orc:2: 1378 daAuts
     D:1: 1296 daAuts
    D:13: 1209 daAuts

Table legend:
 A = Non-vault XP
 B = Vault XP
 C = Vault XP percentage of total XP
 D = Non-vault monster count
 E = Vault monster count
 F = Vault count percentage of total count
                 A         B        C        D         E       F
            +---------+---------+-------+---------+---------+-------
      Total |   87280 |   62883 |  41.9 |     410 |     251 |  38.0
            +---------+---------+-------+---------+---------+-------
        D:1 |      47 |       0 |   0.0 |      30 |       0 |   0.0
        D:2 |      28 |       0 |   0.0 |      14 |       0 |   0.0
        D:3 |     170 |       1 |   0.6 |      17 |       1 |   5.6
        D:4 |     399 |      55 |  12.1 |      16 |       8 |  33.3
        D:5 |     422 |      40 |   8.7 |      16 |       1 |   5.9
        D:6 |     384 |       4 |   1.0 |      10 |       1 |   9.1
        D:7 |     755 |     211 |  21.8 |      11 |       2 |  15.4
        D:8 |     839 |       8 |   0.9 |      17 |       4 |  19.0
        D:9 |    1231 |     182 |  12.9 |      13 |       1 |   7.1
       D:10 |    1717 |    4839 |  73.8 |      11 |      18 |  62.1
       D:11 |    6694 |     950 |  12.4 |      21 |       1 |   4.5
       D:12 |    6960 |    2180 |  23.9 |      22 |      10 |  31.2
       D:13 |    5980 |    8616 |  59.0 |      16 |      12 |  42.9
     Lair:1 |    6530 |    1332 |  16.9 |      28 |       5 |  15.2
     Lair:2 |    7125 |    1136 |  13.8 |      21 |       4 |  16.0
     Lair:3 |   15555 |    2065 |  11.7 |      39 |       6 |  13.3
     Lair:4 |   10731 |    3009 |  21.9 |      34 |      15 |  30.6
     Lair:5 |   14942 |   12000 |  44.5 |      42 |      26 |  38.2
      Orc:1 |    5105 |    2179 |  29.9 |      24 |      17 |  41.5
      Orc:2 |    1666 |    8551 |  83.7 |       8 |      49 |  86.0
     Bailey |       0 |    1188 | 100.0 |       0 |      21 | 100.0
      IceCv |       0 |   14337 | 100.0 |       0 |      49 | 100.0
            +---------+---------+-------+---------+---------+-------
